3039 views
Uploaded 2020-03-14 19:35:38
Game version 1.32.2
57:45 long 4on4 ladder game on (8)TwilightRuins_LV
Saved by ChuckleMan
3039 views
Uploaded 2020-03-14 19:35:38
Game version 1.32.2
57:45 long 4on4 ladder game on (8)TwilightRuins_LV


274 units @ 46.3k
/ 8.8k
130 buildings @ 17.8k
/ 8.9k



| Scroll of Regeneration | 5 | 500 |
| Orb of Fire | 3 | 975 |
| Staff of Sanctuary | 1 | 250 |
| Potion of Healing | 10 | 1500 |
| Lesser Clarity Potion | 1 | 70 |
| Potion of Mana | 1 | 200 |
| Scroll of Town Portal | 6 | 2100 |
| Staff of Teleportation | 1 | 150 |
| Helm of Valor | 1 | 500 |
| Legion Doom-Horn | 1 | 500 |
| Potion of Invulnerability | 1 | 400 |
| total: | 31 | 7145g |
| Peasant | 54 | 4050 | / | 0 |
| Rifleman | 6 | 1230 | / | 180 |
| Footman | 1 | 135 | / | 0 |
| Priest | 1 | 135 | / | 10 |
| Gryphon Rider | 6 | 1680 | / | 420 |
| Siege Engine | 8 | 1560 | / | 480 |
| Goblin Zeppelin | 1 | 240 | / | 60 |
| total: | 77 | 9030g | / | 1150w |
| Scout Tower | 25 | 750 | / | 500 |
| Arcane Tower | 6 | 420 | / | 300 |
| Guard Tower | 9 | 630 | / | 450 |
| Farm | 14 | 1120 | / | 280 |
| Blacksmith | 1 | 140 | / | 60 |
| Barracks | 1 | 160 | / | 60 |
| Altar of Kings | 1 | 180 | / | 50 |
| Lumber Mill | 1 | 120 | / | 0 |
| Arcane Vault | 3 | 390 | / | 90 |
| Town Hall | 2 | 770 | / | 410 |
| Arcane Sanctum | 1 | 150 | / | 140 |
| Gryphon Aviary | 6 | 840 | / | 900 |
| Workshop | 4 | 560 | / | 560 |
| Keep | 1 | 320 | / | 210 |
| Castle | 1 | 360 | / | 210 |
| total: | 59 | 5180g | / | 3050w |
| 0:03 | Peasant |
| 0:18 | Peasant |
| 0:20 | Farm |
| 0:31 | Peasant |
| 0:44 | Peasant |
| 0:58 | Peasant |
| 1:00 | Peasant |
| 1:15 | Blacksmith |
| 1:20 | Peasant |
| 1:34 | Barracks |
| 1:44 | Farm |
| 1:50 | Altar of Kings |
| 1:54 | Peasant |
| 2:01 | Peasant |
| 2:34 | Farm |
| 2:37 | Rifleman |
| 2:41 | Peasant |
| 2:46 | Farm |
| 3:01 | Rifleman |
| 3:20 | Rifleman |
| 3:38 | Farm |
| 3:52 | Keep |
| 3:53 | Footman |
| 3:55 | Rifleman |
| 4:02 | Pocket Factory |
| 4:28 | Rifleman |
| 4:33 | Farm |
| 4:58 | Rifleman |
| 5:24 | Engineering Upgrade |
| 5:30 | Farm |
| 5:40 | Lumber Mill |
| 6:18 | Castle |
| 6:34 | Arcane Sanctum |
| 6:46 | Pocket Factory |
| 7:34 | Holy Light |
| 8:01 | Arcane Vault |
| 8:03 | Arcane Vault |
| 8:24 | Engineering Upgrade |
| 8:27 | Priest |
| 8:29 | Priest Adept Training |
| 8:35 | Black Gunpowder |
| 9:39 | Divine Shield |
| 10:07 | Storm Bolt |
| 10:23 | Priest Master Training |
| 10:28 | Scroll of Regeneration |
| 10:42 | Scroll of Regeneration |
| 10:47 | Orb of Fire |
| 10:50 | Staff of Sanctuary |
| 10:54 | Potion of Healing |
| 10:57 | Potion of Healing |
| 11:07 | Improved Masonry |
| 11:08 | Improved Lumber Harvesting |
| 12:35 | Town Hall |
| 12:41 | Scout Tower |
| 12:49 | Farm |
| 12:52 | Farm |
| 12:55 | Farm |
| 12:57 | Farm |
| 13:00 | Farm |
| 14:01 | Advanced Masonry |
| 14:02 | Advanced Lumber Harvesting |
| 14:19 | Peasant |
| 14:19 | Peasant |
| 14:20 | Peasant |
| 14:20 | Peasant |
| 15:24 | Potion of Healing |
| 15:29 | Orb of Fire |
| 15:29 | Scroll of Town Portal |
| 15:46 | Town Hall |
| 15:58 | Goblin Zeppelin |
| 16:25 | Scout Tower |
| 17:41 | Arcane Tower |
| 19:42 | Peasant |
| 19:42 | Peasant |
| 19:43 | Peasant |
| 19:43 | Peasant |
| 19:43 | Peasant |
| 19:43 | Peasant |
| 20:19 | Peasant |
| 20:19 | Peasant |
| 20:19 | Peasant |
| 20:19 | Peasant |
| 20:20 | Peasant |
| 20:25 | Staff of Teleportation |
| 20:55 | Scout Tower |
| 21:00 | Holy Light |
| 21:20 | Scout Tower |
| 21:26 | Arcane Tower |
| 21:49 | Arcane Tower |
| 21:58 | Peasant |
| 21:58 | Peasant |
| 21:59 | Peasant |
| 21:59 | Peasant |
| 21:59 | Peasant |
| 22:07 | Gryphon Aviary |
| 22:11 | Gryphon Aviary |
| 22:16 | Gryphon Aviary |
| 22:19 | Gryphon Aviary |
| 22:22 | Gryphon Aviary |
| 22:30 | Gryphon Aviary |
| 22:49 | Peasant |
| 22:49 | Peasant |
| 22:50 | Peasant |
| 22:50 | Peasant |
| 22:50 | Peasant |
| 24:04 | Potion of Healing |
| 24:05 | Scroll of Regeneration |
| 24:10 | Potion of Healing |
| 24:14 | Lesser Clarity Potion |
| 24:15 | Potion of Healing |
| 24:15 | Scroll of Town Portal |
| 24:33 | Peasant |
| 24:33 | Peasant |
| 24:33 | Peasant |
| 24:34 | Peasant |
| 24:34 | Peasant |
| 25:01 | Gryphon Rider |
| 25:10 | Gryphon Rider |
| 25:14 | Peasant |
| 25:16 | Orb of Fire |
| 25:21 | Gryphon Rider |
| 25:55 | Storm Hammers |
| 25:57 | Gryphon Rider |
| 26:00 | Gryphon Rider |
| 26:03 | Animal War Training |
| 26:46 | Scout Tower |
| 27:00 | Iron Forged Swords |
| 27:02 | Studded Leather Armor |
| 27:16 | Arcane Tower |
| 27:51 | Bash |
| 28:19 | Gryphon Rider |
| 28:24 | Peasant |
| 28:25 | Peasant |
| 28:25 | Peasant |
| 28:25 | Peasant |
| 28:26 | Peasant |
| 29:13 | Scroll of Town Portal |
| 29:54 | Scout Tower |
| 29:56 | Scout Tower |
| 29:57 | Scout Tower |
| 29:58 | Scout Tower |
| 29:59 | Scout Tower |
| 29:59 | Scout Tower |
| 30:01 | Scout Tower |
| 30:41 | Guard Tower |
| 30:47 | Guard Tower |
| 30:49 | Peasant |
| 30:49 | Peasant |
| 30:49 | Peasant |
| 32:18 | Pocket Factory |
| 32:42 | Guard Tower |
| 33:06 | Guard Tower |
| 33:08 | Scout Tower |
| 33:14 | Scout Tower |
| 33:17 | Scout Tower |
| 33:18 | Scout Tower |
| 33:37 | Scout Tower |
| 33:39 | Arcane Tower |
| 33:42 | Guard Tower |
| 33:48 | Scout Tower |
| 34:08 | Guard Tower |
| 34:10 | Scout Tower |
| 34:14 | Guard Tower |
| 34:19 | Guard Tower |
| 34:21 | Scout Tower |
| 34:23 | Scout Tower |
| 34:25 | Scout Tower |
| 35:02 | Farm |
| 36:40 | Guard Tower |
| 36:48 | Arcane Vault |
| 36:54 | Potion of Healing |
| 36:55 | Scroll of Town Portal |
| 37:21 | Helm of Valor |
| 37:22 | Legion Doom-Horn |
| 37:33 | Potion of Invulnerability |
| 37:59 | Scout Tower |
| 38:13 | Arcane Tower |
| 38:18 | Scout Tower |
| 39:45 | Scroll of Town Portal |
| 40:34 | Workshop |
| 40:39 | Workshop |
| 40:54 | Workshop |
| 40:57 | Workshop |
| 41:28 | Divine Shield |
| 41:38 | Siege Engine |
| 41:44 | Barrage |
| 42:02 | Siege Engine |
| 42:04 | Siege Engine |
| 43:16 | Scroll of Regeneration |
| 43:16 | Scroll of Regeneration |
| 43:20 | Scroll of Town Portal |
| 43:37 | Siege Engine |
| 43:38 | Siege Engine |
| 43:54 | Storm Bolt |
| 44:08 | Potion of Healing |
| 44:11 | Potion of Healing |
| 44:13 | Potion of Healing |
| 44:14 | Potion of Mana |
| 46:22 | Siege Engine |
| 46:27 | Siege Engine |
| 46:34 | Siege Engine |
| 46:53 | Peasant |
| 46:53 | Peasant |
| 46:54 | Peasant |
| 49:06 | Scout Tower |
| 50:52 | Robo-Goblin |
| 50:55 | Holy Light |
| 51:25 | Peasant |
| 51:26 | Peasant |
| 51:41 | Bash |
| 51:53 | Farm |
| 53:33 | Storm Bolt |
| 53:37 | Resurrection |
| Select group | 1383 |
| Right click | 1096 |
| Select | 627 |
| Build/train/purchase | 195 |
| Misc. action | 174 |
| Use ability | 118 |
| Assign group | 55 |
| Remove unit | 8 |
| Minimap ping | 5 |
| Item give/drop | 4 |
| Esc | 2 |
Bandrui
(57:44) : 


| Potion of Healing | 4 | 600 |
| Orb of Venom | 1 | 325 |
| Scroll of Town Portal | 7 | 2450 |
| total: | 12 | 3375g |
| Wisp | 26 | 1560 | / | 0 |
| Archer | 23 | 2990 | / | 230 |
| Chimaera | 15 | 4950 | / | 1050 |
| Druid of the Claw | 22 | 5610 | / | 1760 |
| Abomination | 8 | 1920 | / | 560 |
| Crypt Fiend | 4 | 860 | / | 160 |
| total: | 98 | 17890g | / | 3760w |
| Ancient Protector | 5 | 675 | / | 400 |
| Moon Well | 7 | 1260 | / | 280 |
| Altar of Elders | 1 | 180 | / | 50 |
| Ancient of War | 2 | 300 | / | 120 |
| Ancient of Wonders | 2 | 180 | / | 60 |
| Tree of Life | 5 | 1700 | / | 925 |
| Hunter's Hall | 1 | 210 | / | 100 |
| Ancient of Lore | 1 | 155 | / | 145 |
| Chimaera Roost | 1 | 140 | / | 190 |
| Tree of Ages | 1 | 320 | / | 180 |
| Tree of Eternity | 1 | 330 | / | 200 |
| total: | 25 | 4800g | / | 2270w |
| 0:03 | Wisp |
| 0:03 | Wisp |
| 0:03 | Wisp |
| 0:03 | Wisp |
| 0:04 | Wisp |
| 0:10 | Moon Well |
| 0:24 | Altar of Elders |
| 0:51 | Ancient of War |
| 0:56 | Wisp |
| 1:28 | Wisp |
| 1:42 | Moon Well |
| 2:19 | Black Arrow |
| 2:22 | Archer |
| 2:22 | Archer |
| 2:22 | Archer |
| 2:23 | Archer |
| 2:23 | Archer |
| 2:49 | Moon Well |
| 3:06 | Ancient of Wonders |
| 3:19 | Tree of Ages |
| 4:02 | Archer |
| 4:02 | Archer |
| 4:02 | Archer |
| 4:18 | Moon Well |
| 4:54 | Silence |
| 6:14 | Tree of Eternity |
| 6:56 | Life Drain |
| 7:19 | Trueshot Aura |
| 7:25 | Tree of Life |
| 7:45 | Improved Bows |
| 8:23 | Scroll of Town Portal |
| 8:39 | Wisp |
| 8:39 | Wisp |
| 8:39 | Wisp |
| 8:40 | Wisp |
| 9:18 | Archer |
| 9:18 | Archer |
| 9:19 | Archer |
| 9:19 | Archer |
| 9:19 | Archer |
| 9:19 | Archer |
| 9:19 | Archer |
| 9:36 | Entangling Roots |
| 9:51 | Potion of Healing |
| 9:52 | Potion of Healing |
| 9:55 | Orb of Venom |
| 10:25 | Wisp |
| 10:25 | Wisp |
| 10:25 | Wisp |
| 10:25 | Wisp |
| 10:26 | Wisp |
| 11:39 | Wisp |
| 11:39 | Wisp |
| 11:54 | Chimaera Roost |
| 12:07 | Hunter's Hall |
| 12:42 | Scroll of Town Portal |
| 13:49 | Searing Arrows |
| 13:56 | Ancient Protector |
| 13:59 | Ancient Protector |
| 14:14 | Chimaera |
| 14:14 | Chimaera |
| 14:14 | Chimaera |
| 14:14 | Chimaera |
| 14:18 | Moon Well |
| 14:28 | Ancient of Lore |
| 15:38 | Ancient Protector |
| 15:56 | Strength of the Moon |
| 15:56 | Moon Armor |
| 15:58 | Druid of the Claw Adept Training |
| 16:01 | Marksmanship |
| 16:22 | Scroll of Town Portal |
| 16:24 | Scroll of Town Portal |
| 16:37 | Well Spring |
| 16:39 | Druid of the Claw Master Training |
| 16:39 | Druid of the Claw |
| 16:39 | Druid of the Claw |
| 16:40 | Druid of the Claw |
| 17:31 | Druid of the Claw |
| 17:31 | Druid of the Claw |
| 17:31 | Druid of the Claw |
| 18:38 | Scroll of Town Portal |
| 20:05 | Black Arrow |
| 20:23 | Druid of the Claw |
| 20:23 | Druid of the Claw |
| 20:23 | Druid of the Claw |
| 20:28 | Corrosive Breath |
| 20:30 | Chimaera |
| 21:00 | Wisp |
| 22:10 | Improved Strength of the Moon |
| 22:13 | Strength of the Wild |
| 22:13 | Reinforced Hides |
| 22:16 | Mark of the Claw |
| 22:27 | Moon Well |
| 23:14 | Improved Strength of the Wild |
| 23:30 | Ancient Protector |
| 24:21 | Potion of Healing |
| 24:25 | Potion of Healing |
| 24:46 | Trueshot Aura |
| 25:21 | Druid of the Claw |
| 25:21 | Druid of the Claw |
| 25:22 | Druid of the Claw |
| 26:13 | Ancient of War |
| 26:21 | Ancient of Wonders |
| 26:31 | Moon Well |
| 26:37 | Ancient Protector |
| 27:18 | Advanced Strength of the Wild |
| 27:18 | Improved Reinforced Hides |
| 27:21 | Druid of the Claw |
| 27:21 | Druid of the Claw |
| 27:26 | Druid of the Claw |
| 28:18 | Scroll of Town Portal |
| 28:19 | Scroll of Town Portal |
| 29:38 | Druid of the Claw |
| 29:38 | Druid of the Claw |
| 30:12 | Chimaera |
| 30:12 | Chimaera |
| 30:12 | Chimaera |
| 30:13 | Chimaera |
| 30:13 | Chimaera |
| 30:16 | Force of Nature |
| 32:58 | Chimaera |
| 32:58 | Chimaera |
| 32:58 | Chimaera |
| 32:58 | Chimaera |
| 32:58 | Chimaera |
| 35:47 | Archer |
| 35:47 | Archer |
| 35:47 | Archer |
| 35:48 | Archer |
| 35:48 | Archer |
| 35:48 | Archer |
| 35:48 | Archer |
| 35:48 | Archer |
| 36:38 | Druid of the Claw |
| 36:38 | Druid of the Claw |
| 36:38 | Druid of the Claw |
| 37:39 | Druid of the Claw |
| 37:39 | Druid of the Claw |
| 38:40 | Tree of Life |
| 41:32 | Thorns Aura |
| 41:49 | Searing Arrows |
| 41:51 | Silence |
| 42:33 | Wisp |
| 42:33 | Wisp |
| 42:33 | Wisp |
| 42:33 | Wisp |
| 45:16 | Tree of Life |
| 45:45 | Tree of Life |
| 47:26 | Abomination |
| 47:26 | Abomination |
| 47:27 | Abomination |
| 47:27 | Abomination |
| 47:27 | Abomination |
| 47:27 | Abomination |
| 47:27 | Abomination |
| 47:27 | Abomination |
| 47:58 | Wisp |
| 47:59 | Wisp |
| 47:59 | Wisp |
| 49:44 | Tree of Life |
| 49:59 | Crypt Fiend |
| 50:00 | Crypt Fiend |
| 50:44 | Crypt Fiend |
| 50:44 | Crypt Fiend |
| Select | 706 |
| Right click | 601 |
| Build/train/purchase | 172 |
| Use ability | 62 |
| Remove unit | 15 |
| Resource trade | 14 |
| Item give/drop | 11 |



| Rod of Necromancy | 2 | 300 |
| Potion of Healing | 2 | 300 |
| Potion of Mana | 1 | 200 |
| Scroll of Town Portal | 4 | 1400 |
| Scroll of Healing | 1 | 250 |
| total: | 10 | 2450g |
| Acolyte | 20 | 1500 | / | 0 |
| Ghoul | 6 | 720 | / | 0 |
| Crypt Fiend | 22 | 4730 | / | 880 |
| Frost Wyrm | 16 | 6160 | / | 1920 |
| Goblin Shredder | 1 | 375 | / | 100 |
| total: | 65 | 13485g | / | 2900w |
| Spirit Tower | 3 | 435 | / | 120 |
| Graveyard | 1 | 215 | / | 0 |
| Crypt | 1 | 200 | / | 50 |
| Ziggurat | 15 | 2250 | / | 750 |
| Altar of Darkness | 1 | 180 | / | 50 |
| Tomb of Relics | 1 | 130 | / | 30 |
| Sacrificial Pit | 1 | 75 | / | 150 |
| Slaughterhouse | 1 | 140 | / | 135 |
| Boneyard | 2 | 350 | / | 400 |
| Halls of the Dead | 1 | 320 | / | 210 |
| Black Citadel | 2 | 650 | / | 460 |
| total: | 23 | 3540g | / | 1565w |
| 0:06 | Acolyte |
| 0:07 | Acolyte |
| 0:20 | Graveyard |
| 0:27 | Crypt |
| 0:51 | Ziggurat |
| 1:01 | Altar of Darkness |
| 1:28 | Ghoul |
| 1:29 | Ghoul |
| 1:41 | Tomb of Relics |
| 1:57 | Ziggurat |
| 2:19 | Crypt Fiend |
| 2:19 | Crypt Fiend |
| 3:11 | Crypt Fiend |
| 3:15 | Halls of the Dead |
| 3:33 | Ziggurat |
| 4:00 | Crypt Fiend |
| 4:05 | Death Coil |
| 4:10 | Rod of Necromancy |
| 4:10 | Rod of Necromancy |
| 4:57 | Crypt Fiend |
| 5:27 | Death Pact |
| 6:20 | Web |
| 6:21 | Crypt Fiend |
| 6:25 | Black Citadel |
| 6:37 | Sacrificial Pit |
| 6:43 | Ziggurat |
| 6:57 | Potion of Healing |
| 6:57 | Potion of Healing |
| 7:07 | Frost Nova |
| 7:33 | Crypt Fiend |
| 7:35 | Creature Attack |
| 7:35 | Improved Creature Attack |
| 8:33 | Ghoul |
| 8:33 | Crypt Fiend |
| 9:17 | Frost Armor |
| 9:35 | Acolyte |
| 9:38 | Ghoul |
| 9:38 | Ghoul |
| 9:44 | Death Coil |
| 10:18 | Acolyte |
| 10:18 | Acolyte |
| 10:18 | Acolyte |
| 10:19 | Acolyte |
| 10:30 | Sleep |
| 10:38 | Ziggurat |
| 10:51 | Ziggurat |
| 10:57 | Ziggurat |
| 11:00 | Ziggurat |
| 11:14 | Advanced Creature Attack |
| 11:20 | Boneyard |
| 11:58 | Boneyard |
| 12:01 | Crypt Fiend |
| 12:31 | Spirit Tower |
| 12:37 | Spirit Tower |
| 13:05 | Frost Wyrm |
| 13:05 | Frost Wyrm |
| 13:16 | Ghoul |
| 13:33 | Frost Wyrm |
| 13:38 | Creature Carapace |
| 14:19 | Frost Wyrm |
| 14:41 | Frost Wyrm |
| 14:41 | Frost Wyrm |
| 14:48 | Acolyte |
| 14:48 | Acolyte |
| 15:25 | Freezing Breath |
| 15:50 | Acolyte |
| 15:51 | Acolyte |
| 15:51 | Acolyte |
| 16:02 | Acolyte |
| 16:02 | Acolyte |
| 17:08 | Goblin Shredder |
| 17:49 | Vampiric Aura |
| 18:23 | Frost Wyrm |
| 18:26 | Crypt Fiend |
| 19:06 | Potion of Mana |
| 19:21 | Unholy Aura |
| 19:30 | Scroll of Town Portal |
| 19:32 | Scroll of Healing |
| 19:34 | Crypt Fiend |
| 20:53 | Acolyte |
| 20:53 | Acolyte |
| 20:54 | Acolyte |
| 20:54 | Acolyte |
| 20:55 | Acolyte |
| 21:15 | Frost Wyrm |
| 21:19 | Crypt Fiend |
| 21:24 | Carrion Swarm |
| 22:11 | Ziggurat |
| 22:13 | Ziggurat |
| 22:18 | Frost Nova |
| 23:25 | Frost Wyrm |
| 23:31 | Death Coil |
| 24:19 | Scroll of Town Portal |
| 25:19 | Frost Wyrm |
| 25:27 | Frost Wyrm |
| 25:28 | Frost Wyrm |
| 25:57 | Dark Ritual |
| 26:00 | Sleep |
| 29:16 | Acolyte |
| 29:50 | Frost Wyrm |
| 29:53 | Frost Wyrm |
| 29:57 | Crypt Fiend |
| 30:01 | Scroll of Town Portal |
| 30:39 | Crypt Fiend |
| 32:33 | Ziggurat |
| 32:35 | Ziggurat |
| 32:39 | Ziggurat |
| 32:44 | Ziggurat |
| 32:48 | Ziggurat |
| 34:24 | Crypt Fiend |
| 34:58 | Crypt Fiend |
| 35:51 | Crypt Fiend |
| 36:32 | Frost Wyrm |
| 37:46 | Crypt Fiend |
| 37:50 | Frost Wyrm |
| 38:14 | Crypt Fiend |
| 38:50 | Slaughterhouse |
| 38:53 | Crypt Fiend |
| 39:26 | Scroll of Town Portal |
| 40:30 | Crypt Fiend |
| 41:00 | Crypt Fiend |
| 41:29 | Sleep |
| 41:37 | Animate Dead |
| Right click | 860 |
| Select | 494 |
| Build/train/purchase | 127 |
| Minimap ping | 61 |
| Use ability | 57 |
| Chat | 52 |
| Misc. action | 49 |
| Select group | 41 |
| Assign group | 21 |
| Resource trade | 19 |
| Remove unit | 5 |
| Esc | 2 |
| Item give/drop | 1 |


| Staff of Preservation | 1 | 150 |
| Anti-magic Potion | 2 | 200 |
| Scroll of Town Portal | 1 | 350 |
| Scroll of Healing | 1 | 250 |
| Legion Doom-Horn | 1 | 500 |
| Pendant of Energy | 1 | 300 |
| total: | 7 | 1750g |
| Wisp | 20 | 1200 | / | 0 |
| Chimaera | 13 | 4290 | / | 910 |
| Goblin Shredder | 1 | 375 | / | 100 |
| total: | 34 | 5865g | / | 1010w |
| Altar of Elders | 2 | 360 | / | 100 |
| Moon Well | 10 | 1800 | / | 400 |
| Hunter's Hall | 1 | 210 | / | 100 |
| Ancient of Wonders | 2 | 180 | / | 60 |
| Tree of Life | 3 | 1020 | / | 555 |
| Ancient of Wind | 2 | 300 | / | 280 |
| Chimaera Roost | 3 | 420 | / | 570 |
| Tree of Ages | 2 | 640 | / | 360 |
| Tree of Eternity | 2 | 660 | / | 400 |
| total: | 23 | 4290g | / | 2065w |
| 0:04 | Wisp |
| 0:10 | Wisp |
| 0:30 | Wisp |
| 0:48 | Wisp |
| 0:49 | Wisp |
| 1:12 | Altar of Elders |
| 1:17 | Tree of Ages |
| 1:18 | Moon Well |
| 2:05 | Hunter's Hall |
| 2:13 | Ancient of Wonders |
| 2:54 | Moon Well |
| 3:23 | Scout |
| 3:23 | Scout |
| 3:39 | Tree of Eternity |
| 3:47 | Staff of Preservation |
| 4:38 | Strength of the Wild |
| 4:49 | Moon Well |
| 5:04 | Goblin Shredder |
| 6:01 | Chimaera Roost |
| 6:03 | Chimaera Roost |
| 6:06 | Wisp |
| 6:06 | Wisp |
| 6:06 | Wisp |
| 6:26 | Improved Strength of the Wild |
| 6:30 | Wisp |
| 6:38 | Ultravision |
| 7:02 | Well Spring |
| 7:07 | Reinforced Hides |
| 7:11 | Improved Reinforced Hides |
| 7:24 | Chimaera |
| 7:25 | Chimaera |
| 7:27 | Moon Well |
| 7:37 | Anti-magic Potion |
| 8:04 | Moon Well |
| 8:10 | Moon Well |
| 8:26 | Chimaera |
| 9:03 | Trueshot Aura |
| 9:24 | Trueshot Aura |
| 9:45 | Chimaera |
| 9:47 | Moon Well |
| 9:48 | Moon Well |
| 10:04 | Chimaera Roost |
| 10:34 | Ancient of Wind |
| 10:38 | Ancient of Wind |
| 11:03 | Scout |
| 11:06 | Tree of Life |
| 11:15 | Corrosive Breath |
| 11:38 | Advanced Strength of the Wild |
| 12:03 | Chimaera |
| 12:30 | Wisp |
| 12:34 | Advanced Reinforced Hides |
| 14:02 | Trueshot Aura |
| 14:26 | Chimaera |
| 17:25 | Moon Well |
| 17:25 | Moon Well |
| 18:22 | Chimaera |
| 20:02 | Chimaera |
| 20:04 | Chimaera |
| 20:33 | Starfall |
| 20:52 | Wisp |
| 20:52 | Wisp |
| 20:52 | Wisp |
| 20:52 | Wisp |
| 20:52 | Wisp |
| 22:10 | Chimaera |
| 22:14 | Tree of Life |
| 23:31 | Chimaera |
| 23:36 | Chimaera |
| 24:41 | Legion Doom-Horn |
| 26:22 | Tree of Life |
| 27:36 | Scout |
| 27:36 | Scout |
| 28:25 | Altar of Elders |
| 28:33 | Ancient of Wonders |
| 29:09 | Wisp |
| 29:09 | Wisp |
| 29:10 | Wisp |
| 29:10 | Wisp |
| 29:10 | Wisp |
| 30:12 | Breath of Fire |
| 32:32 | Chimaera |
| 32:49 | Scroll of Town Portal |
| 32:53 | Scroll of Healing |
| 34:52 | Drunken Haze |
| 37:24 | Anti-magic Potion |
| 38:37 | Pendant of Energy |
| Right click | 2415 |
| Select group | 1649 |
| Select | 574 |
| Build/train/purchase | 145 |
| Misc. action | 30 |
| Use ability | 25 |
| Assign group | 19 |
| Item give/drop | 13 |
| Minimap ping | 9 |
| Chat | 9 |
| Remove unit | 6 |
| Esc | 2 |
245 units @ 36.6k
/ 8.7k
261 buildings @ 24.2k
/ 11.6k


| Potion of Healing | 1 | 150 |
| total: | 1 | 150g |
| Acolyte | 10 | 750 | / | 0 |
| Ghoul | 3 | 360 | / | 0 |
| Crypt Fiend | 8 | 1720 | / | 320 |
| Obsidian Statue | 2 | 400 | / | 70 |
| total: | 23 | 3230g | / | 390w |
| Nerubian Tower | 1 | 100 | / | 20 |
| Spirit Tower | 3 | 435 | / | 120 |
| Altar of Darkness | 2 | 360 | / | 100 |
| Ziggurat | 9 | 1350 | / | 450 |
| Crypt | 1 | 200 | / | 50 |
| Graveyard | 3 | 645 | / | 0 |
| Tomb of Relics | 1 | 130 | / | 30 |
| Necropolis | 5 | 1125 | / | 0 |
| Slaughterhouse | 1 | 140 | / | 135 |
| Halls of the Dead | 2 | 640 | / | 420 |
| Black Citadel | 1 | 325 | / | 230 |
| total: | 22 | 3950g | / | 765w |
| 0:05 | Acolyte |
| 0:05 | Acolyte |
| 0:12 | Altar of Darkness |
| 0:16 | Ziggurat |
| 0:38 | Crypt |
| 1:26 | Graveyard |
| 1:43 | Ghoul |
| 1:55 | Ghoul |
| 2:03 | Nerubian Tower |
| 2:14 | Ziggurat |
| 2:27 | Ghoul |
| 2:38 | Death Coil |
| 2:49 | Tomb of Relics |
| 3:11 | Crypt Fiend |
| 3:35 | Crypt Fiend |
| 4:05 | Crypt Fiend |
| 4:37 | Halls of the Dead |
| 4:39 | Crypt Fiend |
| 5:04 | Ziggurat |
| 5:56 | Creature Attack |
| 6:21 | Unholy Aura |
| 6:26 | Creature Carapace |
| 6:28 | Crypt Fiend |
| 7:01 | Web |
| 7:04 | Acolyte |
| 7:18 | Slaughterhouse |
| 8:03 | Ziggurat |
| 8:20 | Potion of Healing |
| 8:27 | Improved Creature Attack |
| 9:06 | Frost Armor |
| 9:13 | Unholy Aura |
| 9:18 | Obsidian Statue |
| 9:18 | Obsidian Statue |
| 9:21 | Crypt Fiend |
| 9:45 | Frost Nova |
| 9:53 | Necropolis |
| 10:04 | Crypt Fiend |
| 10:33 | Ziggurat |
| 10:46 | Ziggurat |
| 11:04 | Ziggurat |
| 11:22 | Death Coil |
| 11:47 | Improved Creature Carapace |
| 11:48 | Black Citadel |
| 12:03 | Spirit Tower |
| 12:04 | Acolyte |
| 12:04 | Acolyte |
| 12:04 | Acolyte |
| 12:12 | Spirit Tower |
| 12:44 | Acolyte |
| 13:04 | Spirit Tower |
| 13:08 | Crypt Fiend |
| 13:33 | Frost Nova |
| 13:49 | Necropolis |
| 15:40 | Necropolis |
| 15:47 | Altar of Darkness |
| 15:59 | Graveyard |
| 16:14 | Ziggurat |
| 16:15 | Ziggurat |
| 17:37 | Acolyte |
| 17:37 | Acolyte |
| 18:13 | Acolyte |
| 18:52 | Halls of the Dead |
| 19:26 | Unholy Aura |
| 19:28 | Dark Ritual |
| 20:24 | Necropolis |
| 20:36 | Graveyard |
| 20:40 | Necropolis |
| Select group | 734 |
| Right click | 705 |
| Select | 248 |
| Chat | 153 |
| Misc. action | 87 |
| Build/train/purchase | 53 |
| Use ability | 26 |
| Assign group | 12 |
| Resource trade | 5 |
| Minimap ping | 4 |
| Item give/drop | 1 |
| Esc | 1 |


| Lesser Clarity Potion | 4 | 280 |
| total: | 4 | 280g |
| Wisp | 19 | 1140 | / | 0 |
| Huntress | 3 | 585 | / | 60 |
| Dryad | 12 | 1740 | / | 720 |
| Mountain Giant | 2 | 700 | / | 200 |
| Goblin Sapper | 1 | 215 | / | 100 |
| total: | 37 | 4380g | / | 1080w |
| Ancient Protector | 1 | 135 | / | 80 |
| Altar of Elders | 1 | 180 | / | 50 |
| Moon Well | 6 | 1080 | / | 240 |
| Ancient of War | 1 | 150 | / | 60 |
| Hunter's Hall | 1 | 210 | / | 100 |
| Ancient of Wonders | 1 | 90 | / | 30 |
| Tree of Life | 1 | 340 | / | 185 |
| Ancient of Lore | 3 | 465 | / | 435 |
| Ancient of Wind | 1 | 150 | / | 140 |
| Tree of Ages | 1 | 320 | / | 180 |
| Tree of Eternity | 1 | 330 | / | 200 |
| total: | 16 | 2800g | / | 1320w |
| 0:07 | Wisp |
| 0:07 | Wisp |
| 0:07 | Wisp |
| 0:07 | Wisp |
| 0:18 | Altar of Elders |
| 0:24 | Moon Well |
| 0:39 | Wisp |
| 0:39 | Wisp |
| 0:39 | Wisp |
| 1:15 | Wisp |
| 1:27 | Wisp |
| 1:40 | Moon Well |
| 1:42 | Wisp |
| 1:49 | Ancient of War |
| 1:54 | Wisp |
| 2:08 | Hunter's Hall |
| 2:12 | Wisp |
| 2:13 | Wisp |
| 2:21 | Fan of Knives |
| 2:54 | Tree of Ages |
| 3:17 | Strength of the Wild |
| 3:26 | Ancient Protector |
| 3:33 | Huntress |
| 3:48 | Ancient of Wonders |
| 4:01 | Moon Well |
| 4:08 | Moon Well |
| 4:17 | Huntress |
| 4:20 | Reinforced Hides |
| 4:44 | Huntress |
| 5:22 | Ancient of Lore |
| 5:32 | Ancient of Lore |
| 5:34 | Wisp |
| 5:35 | Wisp |
| 5:56 | Blink |
| 6:21 | Moon Well |
| 6:50 | Abolish Magic |
| 6:50 | Dryad |
| 7:01 | Entangling Roots |
| 7:22 | Dryad |
| 7:23 | Lesser Clarity Potion |
| 7:24 | Lesser Clarity Potion |
| 7:36 | Dryad |
| 8:07 | Dryad |
| 8:18 | Moon Well |
| 8:41 | Dryad |
| 8:42 | Dryad |
| 9:24 | Thorns Aura |
| 9:33 | Dryad |
| 9:33 | Dryad |
| 10:01 | Dryad |
| 10:34 | Tree of Life |
| 10:44 | Lesser Clarity Potion |
| 10:53 | Lesser Clarity Potion |
| 11:37 | Fan of Knives |
| 11:58 | Tree of Eternity |
| 12:00 | Dryad |
| 12:18 | Improved Strength of the Wild |
| 12:44 | Ancient of Lore |
| 13:30 | Goblin Sapper |
| 14:00 | Dryad |
| 14:00 | Dryad |
| 14:31 | Wisp |
| 14:32 | Wisp |
| 14:32 | Wisp |
| 14:32 | Wisp |
| 15:00 | Entangling Roots |
| 15:47 | Mountain Giant |
| 15:47 | Mountain Giant |
| 16:37 | Ancient of Wind |
| Right click | 396 |
| Select | 356 |
| Build/train/purchase | 77 |
| Chat | 45 |
| Use ability | 25 |
| Item give/drop | 3 |
| Remove unit | 2 |
ChuckleMan
(103)
(57:44) : 


| Scroll of Town Portal | 4 | 1400 |
| Staff of Teleportation | 3 | 450 |
| Boots of Speed | 3 | 750 |
| Orb of Venom | 3 | 975 |
| total: | 13 | 3575g |
| Peasant | 20 | 1500 | / | 0 |
| Sorceress | 1 | 155 | / | 20 |
| Flying Machine | 11 | 1100 | / | 330 |
| Gryphon Rider | 4 | 1120 | / | 280 |
| Goblin Shredder | 3 | 1125 | / | 300 |
| Goblin Zeppelin | 5 | 1200 | / | 300 |
| Goblin Sapper | 2 | 430 | / | 200 |
| Dryad | 26 | 3770 | / | 1560 |
| total: | 72 | 10400g | / | 2990w |
| Scout Tower | 140 | 4200 | / | 2800 |
| Arcane Tower | 1 | 70 | / | 50 |
| Guard Tower | 31 | 2170 | / | 1550 |
| Altar of Kings | 1 | 180 | / | 50 |
| Farm | 20 | 1600 | / | 400 |
| Lumber Mill | 3 | 360 | / | 0 |
| Town Hall | 4 | 1540 | / | 820 |
| Arcane Vault | 3 | 390 | / | 90 |
| Blacksmith | 1 | 140 | / | 60 |
| Arcane Sanctum | 2 | 300 | / | 280 |
| Workshop | 5 | 700 | / | 700 |
| Gryphon Aviary | 4 | 560 | / | 600 |
| Keep | 1 | 320 | / | 210 |
| Castle | 1 | 360 | / | 210 |
| Moon Well | 3 | 540 | / | 120 |
| total: | 186 | 10510g | / | 5920w |
| 0:03 | Peasant |
| 0:03 | Peasant |
| 0:07 | Altar of Kings |
| 0:10 | Farm |
| 0:24 | Peasant |
| 0:47 | Peasant |
| 0:55 | Peasant |
| 1:01 | Lumber Mill |
| 1:06 | Farm |
| 1:09 | Peasant |
| 1:18 | Peasant |
| 1:30 | Peasant |
| 1:39 | Peasant |
| 1:56 | Peasant |
| 1:56 | Peasant |
| 2:06 | Scout Tower |
| 2:10 | Peasant |
| 2:13 | Blizzard |
| 2:26 | Peasant |
| 2:43 | Peasant |
| 2:43 | Peasant |
| 2:52 | Peasant |
| 2:53 | Peasant |
| 3:19 | Arcane Tower |
| 3:43 | Brilliance Aura |
| 3:50 | Keep |
| 3:51 | Farm |
| 4:01 | Scout Tower |
| 4:04 | Scout Tower |
| 4:06 | Scout Tower |
| 4:10 | Town Hall |
| 4:13 | Scout Tower |
| 4:13 | Scout Tower |
| 4:31 | Guard Tower |
| 4:40 | Guard Tower |
| 4:42 | Guard Tower |
| 4:43 | Guard Tower |
| 4:51 | Staff of Teleportation |
| 4:51 | Boots of Speed |
| 5:35 | Scout Tower |
| 5:35 | Scout Tower |
| 5:38 | Guard Tower |
| 5:40 | Peasant |
| 5:40 | Peasant |
| 5:42 | Scout Tower |
| 5:45 | Scout Tower |
| 6:01 | Goblin Shredder |
| 6:11 | Blizzard |
| 6:23 | Guard Tower |
| 6:24 | Scout Tower |
| 6:25 | Scout Tower |
| 6:27 | Guard Tower |
| 6:28 | Scout Tower |
| 6:28 | Scout Tower |
| 6:48 | Castle |
| 7:25 | Guard Tower |
| 7:26 | Scout Tower |
| 7:28 | Scout Tower |
| 7:53 | Guard Tower |
| 7:55 | Scout Tower |
| 7:55 | Scout Tower |
| 7:58 | Guard Tower |
| 8:05 | Flame Strike |
| 8:11 | Scout Tower |
| 8:12 | Scout Tower |
| 8:13 | Scout Tower |
| 8:13 | Scout Tower |
| 8:14 | Scout Tower |
| 8:14 | Scout Tower |
| 8:21 | Goblin Zeppelin |
| 8:21 | Goblin Zeppelin |
| 8:31 | Scout Tower |
| 8:32 | Scout Tower |
| 8:33 | Scout Tower |
| 8:33 | Scout Tower |
| 8:34 | Scout Tower |
| 8:34 | Scout Tower |
| 8:35 | Scout Tower |
| 8:35 | Scout Tower |
| 8:45 | Scout Tower |
| 8:45 | Scout Tower |
| 8:46 | Scout Tower |
| 8:47 | Scout Tower |
| 8:57 | Boots of Speed |
| 8:58 | Staff of Teleportation |
| 9:25 | Brilliance Aura |
| 9:40 | Guard Tower |
| 9:42 | Scout Tower |
| 9:43 | Scout Tower |
| 9:43 | Scout Tower |
| 9:44 | Scout Tower |
| 9:46 | Scout Tower |
| 9:47 | Scout Tower |
| 9:48 | Scout Tower |
| 9:49 | Scout Tower |
| 9:49 | Scout Tower |
| 9:53 | Scout Tower |
| 9:53 | Scout Tower |
| 9:55 | Scout Tower |
| 9:56 | Scout Tower |
| 9:56 | Scout Tower |
| 9:57 | Scout Tower |
| 9:58 | Scout Tower |
| 9:58 | Scout Tower |
| 10:10 | Goblin Shredder |
| 10:18 | Guard Tower |
| 10:25 | Lumber Mill |
| 10:37 | Guard Tower |
| 10:47 | Scout Tower |
| 10:47 | Scout Tower |
| 10:48 | Scout Tower |
| 10:49 | Scout Tower |
| 11:03 | Farm |
| 11:04 | Farm |
| 11:21 | Farm |
| 11:31 | Guard Tower |
| 11:40 | Improved Masonry |
| 11:50 | Rain of Fire |
| 11:58 | Guard Tower |
| 12:00 | Scout Tower |
| 12:33 | Scout Tower |
| 12:34 | Scout Tower |
| 12:34 | Scout Tower |
| 12:35 | Scout Tower |
| 12:35 | Scout Tower |
| 12:36 | Scout Tower |
| 12:36 | Scout Tower |
| 12:37 | Scout Tower |
| 12:38 | Scout Tower |
| 12:41 | Guard Tower |
| 12:42 | Scout Tower |
| 12:43 | Scout Tower |
| 12:43 | Scout Tower |
| 12:44 | Scout Tower |
| 12:45 | Scout Tower |
| 12:46 | Scout Tower |
| 12:48 | Scout Tower |
| 12:49 | Scout Tower |
| 12:49 | Scout Tower |
| 12:50 | Scout Tower |
| 12:51 | Scout Tower |
| 13:00 | Guard Tower |
| 13:10 | Arcane Vault |
| 13:11 | Scout Tower |
| 13:12 | Scout Tower |
| 13:13 | Scout Tower |
| 13:13 | Scout Tower |
| 13:16 | Guard Tower |
| 13:31 | Guard Tower |
| 14:41 | Siphon Mana |
| 14:45 | Scroll of Town Portal |
| 14:47 | Orb of Venom |
| 14:49 | Guard Tower |
| 14:54 | Guard Tower |
| 14:58 | Guard Tower |
| 15:03 | Scout Tower |
| 15:03 | Scout Tower |
| 15:04 | Scout Tower |
| 15:04 | Scout Tower |
| 15:04 | Scout Tower |
| 15:05 | Scout Tower |
| 15:05 | Scout Tower |
| 15:05 | Scout Tower |
| 15:23 | Scout Tower |
| 15:24 | Scout Tower |
| 15:24 | Scout Tower |
| 15:25 | Scout Tower |
| 15:26 | Scout Tower |
| 15:26 | Scout Tower |
| 15:27 | Scout Tower |
| 15:28 | Scout Tower |
| 15:29 | Scout Tower |
| 15:29 | Scout Tower |
| 15:29 | Scout Tower |
| 15:30 | Scout Tower |
| 15:30 | Scout Tower |
| 15:30 | Scout Tower |
| 15:33 | Scout Tower |
| 15:34 | Scout Tower |
| 15:34 | Scout Tower |
| 15:35 | Scout Tower |
| 15:35 | Scout Tower |
| 15:35 | Scout Tower |
| 15:36 | Scout Tower |
| 15:36 | Scout Tower |
| 15:36 | Scout Tower |
| 15:49 | Guard Tower |
| 15:52 | Arcane Vault |
| 15:53 | Arcane Sanctum |
| 16:31 | Boots of Speed |
| 16:32 | Staff of Teleportation |
| 16:33 | Scroll of Town Portal |
| 17:36 | Cleaving Attack |
| 17:39 | Scroll of Town Portal |
| 17:40 | Orb of Venom |
| 17:52 | Guard Tower |
| 18:22 | Goblin Zeppelin |
| 18:55 | Guard Tower |
| 18:58 | Scout Tower |
| 18:59 | Scout Tower |
| 18:59 | Scout Tower |
| 19:00 | Scout Tower |
| 19:01 | Scout Tower |
| 19:01 | Scout Tower |
| 19:01 | Scout Tower |
| 19:01 | Scout Tower |
| 19:02 | Scout Tower |
| 19:02 | Scout Tower |
| 19:02 | Scout Tower |
| 19:02 | Scout Tower |
| 19:02 | Scout Tower |
| 19:02 | Scout Tower |
| 19:41 | Flame Strike |
| 20:19 | Guard Tower |
| 20:22 | Scout Tower |
| 20:22 | Scout Tower |
| 20:22 | Scout Tower |
| 20:23 | Scout Tower |
| 20:23 | Scout Tower |
| 20:23 | Scout Tower |
| 20:24 | Scout Tower |
| 20:24 | Scout Tower |
| 20:24 | Scout Tower |
| 20:25 | Scout Tower |
| 20:34 | Arcane Sanctum |
| 20:35 | Arcane Vault |
| 20:57 | Orb of Venom |
| 20:57 | Scroll of Town Portal |
| 21:01 | Blizzard |
| 21:04 | Guard Tower |
| 21:12 | Lumber Mill |
| 21:15 | Magic Sentry |
| 21:16 | Sorceress |
| 21:16 | Sorceress Adept Training |
| 21:45 | Guard Tower |
| 22:09 | Goblin Zeppelin |
| 22:11 | Goblin Shredder |
| 22:21 | Guard Tower |
| 22:39 | Rain of Fire |
| 24:32 | Blacksmith |
| 24:35 | Farm |
| 24:35 | Farm |
| 24:36 | Farm |
| 24:36 | Farm |
| 24:36 | Farm |
| 24:39 | Farm |
| 24:40 | Farm |
| 24:40 | Farm |
| 24:40 | Farm |
| 24:41 | Farm |
| 24:57 | Dryad |
| 24:57 | Dryad |
| 24:57 | Dryad |
| 24:57 | Dryad |
| 24:57 | Dryad |
| 24:57 | Dryad |
| 24:58 | Dryad |
| 24:59 | Strength of the Wild |
| 24:59 | Reinforced Hides |
| 25:00 | Ultravision |
| 25:00 | Well Spring |
| 25:02 | Moon Well |
| 25:02 | Moon Well |
| 25:03 | Moon Well |
| 25:11 | Siphon Mana |
| 25:43 | Workshop |
| 25:47 | Workshop |
| 25:52 | Workshop |
| 25:53 | Workshop |
| 25:54 | Workshop |
| 25:56 | Farm |
| 25:57 | Farm |
| 25:57 | Farm |
| 25:57 | Farm |
| 25:59 | Black Gunpowder |
| 25:59 | Iron Plating |
| 26:28 | Flak Cannons |
| 26:44 | Flying Machine |
| 26:44 | Flying Machine |
| 26:51 | Cleaving Attack |
| 27:08 | Flying Machine |
| 27:08 | Flying Machine |
| 27:08 | Flying Machine |
| 27:08 | Flying Machine |
| 27:10 | Refined Gunpowder |
| 27:26 | Mass Teleport |
| 27:28 | Flying Machine |
| 27:42 | Flying Machine |
| 27:42 | Flying Machine |
| 28:11 | Flying Machine |
| 28:11 | Flying Machine |
| 28:17 | Scout Tower |
| 28:18 | Scout Tower |
| 28:18 | Scout Tower |
| 29:17 | Flying Machine Bombs |
| 30:03 | Flame Strike |
| 31:04 | Rain of Fire |
| 31:18 | Brilliance Aura |
| 31:29 | Summon Phoenix |
| 31:29 | Summon Phoenix |
| 31:47 | Town Hall |
| 32:42 | Doom |
| 33:22 | Dryad |
| 33:22 | Dryad |
| 33:22 | Dryad |
| 33:23 | Dryad |
| 35:07 | Peasant |
| 36:05 | Town Hall |
| 37:56 | Dryad |
| 37:56 | Dryad |
| 38:47 | Cleaving Attack |
| 40:35 | Summon Water Elemental |
| 40:36 | Siphon Mana |
| 42:08 | Summon Water Elemental |
| 42:23 | Banish |
| 43:38 | Dryad |
| 43:38 | Dryad |
| 44:55 | Gryphon Aviary |
| 44:55 | Gryphon Aviary |
| 44:56 | Gryphon Aviary |
| 44:57 | Gryphon Aviary |
| 46:13 | Storm Hammers |
| 46:15 | Gryphon Rider |
| 46:15 | Gryphon Rider |
| 46:15 | Gryphon Rider |
| 47:00 | Dryad |
| 47:00 | Dryad |
| 47:00 | Dryad |
| 47:04 | Gryphon Rider |
| 49:44 | Howl of Terror |
| 50:09 | Town Hall |
| 51:24 | Goblin Zeppelin |
| 53:33 | Dryad |
| 53:33 | Dryad |
| 53:33 | Dryad |
| 53:33 | Dryad |
| 53:33 | Dryad |
| 53:33 | Dryad |
| 53:34 | Dryad |
| 53:34 | Dryad |
| 54:09 | Summon Water Elemental |
| 54:41 | Goblin Sapper |
| 54:41 | Goblin Sapper |
| 55:10 | Banish |
| Right click | 2091 |
| Chat | 1085 |
| Select group | 967 |
| Select | 600 |
| Use ability | 252 |
| Build/train/purchase | 244 |
| Misc. action | 170 |
| Assign group | 56 |
| Resource trade | 24 |
| Esc | 18 |
| Minimap ping | 8 |
| Item give/drop | 6 |
Teelo
(78)
(57:44) : 
| Lesser Clarity Potion | 8 | 560 |
| Orb of Lightning | 1 | 375 |
| Potion of Mana | 8 | 1600 |
| Potion of Healing | 2 | 300 |
| Tiny Great Hall | 1 | 600 |
| Scroll of Town Portal | 3 | 1050 |
| Staff of Teleportation | 1 | 150 |
| Rod of Necromancy | 1 | 150 |
| total: | 25 | 4785g |
| Peon | 35 | 2625 | / | 0 |
| Shaman | 7 | 910 | / | 140 |
| Tauren | 13 | 3640 | / | 1040 |
| Troll Batrider | 36 | 5760 | / | 1440 |
| Wind Rider | 9 | 2385 | / | 360 |
| Goblin Shredder | 3 | 1125 | / | 300 |
| Goblin Sapper | 10 | 2150 | / | 1000 |
| total: | 113 | 18595g | / | 4280w |
| Watch Tower | 10 | 1100 | / | 800 |
| Altar of Storms | 1 | 180 | / | 50 |
| Orc Burrow | 9 | 1440 | / | 360 |
| War Mill | 2 | 410 | / | 0 |
| Voodoo Lounge | 1 | 130 | / | 30 |
| Great Hall | 7 | 2695 | / | 1295 |
| Spirit Lodge | 2 | 300 | / | 300 |
| Tauren Totem | 2 | 270 | / | 310 |
| Beastiary | 3 | 435 | / | 420 |
| Stronghold | 1 | 315 | / | 190 |
| Fortress | 1 | 325 | / | 190 |
| total: | 37 | 6960g | / | 3565w |
| 0:02 | Peon |
| 0:02 | Peon |
| 0:02 | Peon |
| 0:24 | Altar of Storms |
| 0:34 | Peon |
| 0:34 | Peon |
| 0:38 | Orc Burrow |
| 0:47 | Peon |
| 0:55 | War Mill |
| 1:06 | Peon |
| 1:42 | Voodoo Lounge |
| 1:46 | Orc Burrow |
| 1:49 | Peon |
| 1:49 | Peon |
| 1:49 | Peon |
| 2:00 | Peon |
| 2:18 | Steel Armor |
| 2:24 | Watch Tower |
| 2:30 | Serpent Ward |
| 2:44 | Orc Burrow |
| 3:14 | Stronghold |
| 3:39 | Watch Tower |
| 3:42 | Watch Tower |
| 3:45 | Lesser Clarity Potion |
| 3:47 | Lesser Clarity Potion |
| 4:04 | Steel Melee Weapons |
| 4:43 | Spiked Barricades |
| 4:54 | Healing Wave |
| 5:03 | Orc Burrow |
| 5:13 | Rod of Necromancy |
| 5:29 | Watch Tower |
| 5:31 | Watch Tower |
| 5:40 | Fortress |
| 5:43 | Spirit Lodge |
| 6:25 | Spirit Lodge |
| 6:59 | Shaman Adept Training |
| 7:15 | Thorium Melee Weapons |
| 7:44 | Shaman |
| 7:46 | Shaman |
| 7:57 | Goblin Shredder |
| 7:57 | Goblin Shredder |
| 7:57 | Goblin Shredder |
| 8:19 | Great Hall |
| 8:26 | Shaman Master Training |
| 8:35 | Lesser Clarity Potion |
| 8:36 | Orb of Lightning |
| 8:49 | Tauren Totem |
| 9:01 | Shaman |
| 9:14 | Healing Wave |
| 9:40 | Shaman |
| 9:41 | Shaman |
| 9:55 | Tauren Totem |
| 9:59 | Peon |
| 9:59 | Peon |
| 9:59 | Peon |
| 9:59 | Peon |
| 10:14 | Pulverize |
| 10:45 | Tauren |
| 10:50 | Peon |
| 11:08 | Arcanite Melee Weapons |
| 11:13 | Orc Burrow |
| 11:41 | Tauren |
| 11:43 | Lesser Clarity Potion |
| 11:44 | Potion of Mana |
| 11:51 | Potion of Mana |
| 11:57 | Watch Tower |
| 12:00 | Peon |
| 12:14 | Staff of Teleportation |
| 12:32 | Tauren |
| 12:38 | Thorium Armor |
| 13:11 | Serpent Ward |
| 13:26 | Tauren |
| 13:32 | Watch Tower |
| 14:04 | Potion of Mana |
| 14:20 | Tauren |
| 14:25 | Orc Burrow |
| 14:29 | Orc Burrow |
| 14:35 | Arcanite Armor |
| 14:36 | Reinforced Defenses |
| 15:01 | Tauren |
| 15:03 | Tauren |
| 15:46 | Tauren |
| 15:50 | Watch Tower |
| 16:30 | Improved Spiked Barricades |
| 16:31 | Steel Ranged Weapons |
| 16:35 | Spirit Walker Adept Training |
| 17:11 | Healing Wave |
| 17:37 | Scroll of Town Portal |
| 17:37 | Potion of Mana |
| 17:39 | Lesser Clarity Potion |
| 17:53 | Potion of Healing |
| 17:55 | Potion of Mana |
| 18:00 | Shaman |
| 18:00 | Shaman |
| 18:05 | Potion of Healing |
| 18:37 | Lesser Clarity Potion |
| 18:41 | Tauren |
| 18:44 | Orc Burrow |
| 20:03 | Beastiary |
| 20:06 | Beastiary |
| 20:09 | Beastiary |
| 20:30 | Tauren |
| 20:32 | Spirit Walker Master Training |
| 21:04 | Scroll of Town Portal |
| 21:07 | Lesser Clarity Potion |
| 21:55 | Liquid Fire |
| 21:56 | Troll Batrider |
| 21:56 | Troll Batrider |
| 21:56 | Troll Batrider |
| 21:58 | Troll Batrider |
| 21:58 | Troll Batrider |
| 23:02 | Potion of Mana |
| 23:05 | Troll Batrider |
| 23:05 | Troll Batrider |
| 23:56 | Big Bad Voodoo |
| 24:34 | Serpent Ward |
| 24:46 | Troll Batrider |
| 24:47 | Troll Batrider |
| 24:47 | Troll Batrider |
| 24:47 | Troll Batrider |
| 25:05 | Troll Batrider |
| 25:43 | Troll Batrider |
| 25:44 | Troll Batrider |
| 27:04 | Troll Batrider |
| 27:04 | Troll Batrider |
| 27:04 | Troll Batrider |
| 27:04 | Troll Batrider |
| 27:04 | Troll Batrider |
| 27:05 | Troll Batrider |
| 27:16 | Hex |
| 27:37 | Troll Batrider |
| 27:37 | Troll Batrider |
| 27:37 | Troll Batrider |
| 27:57 | Troll Batrider |
| 27:57 | Troll Batrider |
| 27:57 | Troll Batrider |
| 27:57 | Troll Batrider |
| 28:47 | Great Hall |
| 32:06 | Peon |
| 32:10 | Scroll of Town Portal |
| 32:35 | Hex |
| 33:02 | Great Hall |
| 33:20 | Troll Batrider |
| 33:33 | Troll Batrider |
| 34:14 | Troll Batrider |
| 34:16 | Troll Batrider |
| 34:40 | Troll Batrider |
| 35:00 | Troll Batrider |
| 35:00 | Troll Batrider |
| 35:37 | Peon |
| 35:37 | Peon |
| 35:37 | Peon |
| 35:37 | Peon |
| 35:49 | Hex |
| 36:11 | Peon |
| 36:56 | Troll Batrider |
| 37:29 | Great Hall |
| 37:31 | Troll Batrider |
| 37:38 | Envenomed Spears |
| 37:39 | Wind Rider |
| 39:03 | Wind Rider |
| 39:03 | Wind Rider |
| 39:23 | Thorium Ranged Weapons |
| 39:37 | Potion of Mana |
| 39:39 | Lesser Clarity Potion |
| 39:43 | Potion of Mana |
| 40:00 | Tiny Great Hall |
| 40:29 | Peon |
| 40:39 | Arcanite Ranged Weapons |
| 40:44 | Peon |
| 40:45 | Peon |
| 40:45 | Peon |
| 40:45 | Peon |
| 41:51 | Wind Rider |
| 41:51 | Wind Rider |
| 41:51 | Wind Rider |
| 42:26 | Wind Rider |
| 43:17 | Wind Rider |
| 44:06 | Great Hall |
| 44:43 | Wind Rider |
| 45:02 | Tauren |
| 45:22 | Tauren |
| 47:23 | Tauren |
| 48:56 | Great Hall |
| 50:19 | War Mill |
| 51:41 | Peon |
| 51:41 | Peon |
| 51:41 | Peon |
| 51:42 | Peon |
| 51:42 | Peon |
| 52:57 | Peon |
| 52:58 | Peon |
| 54:30 | Great Hall |
| 54:31 | Watch Tower |
| 55:11 | Goblin Sapper |
| 55:11 | Goblin Sapper |
| 55:11 | Goblin Sapper |
| 55:19 | Goblin Sapper |
| 55:19 | Goblin Sapper |
| 55:20 | Goblin Sapper |
| 55:46 | Watch Tower |
| 55:50 | Orc Burrow |
| 55:54 | Goblin Sapper |
| 55:54 | Goblin Sapper |
| 55:54 | Goblin Sapper |
| 55:54 | Goblin Sapper |
| Chat | 1196 |
| Select group | 1109 |
| Right click | 944 |
| Select | 392 |
| Assign group | 256 |
| Use ability | 251 |
| Misc. action | 223 |
| Build/train/purchase | 212 |
| Resource trade | 23 |
| Item give/drop | 6 |
| Esc | 6 |
| Minimap ping | 2 |
⇛